 Dungeon Crawl Stone Soup version 0.31.0-11-ge490571c62 (webtiles) character file.

Game seed: 17840165854347029254

31213 jt the Severer (level 13, -2/111 HPs)
             Began as a Minotaur Artificer on Jan 30, 2024.
             Was a Believer of Uskayaw.
             Hit by a javelin thrown by Urug (13 damage)
             ... on level 10 of the Dungeon.
             The game lasted 00:32:23 (13275 turns).

jt the Severer (Minotaur Artificer)                Turns: 13275, Time: 00:32:24

Health: -2/111     AC: 12    Str: 26    XL:     13   Next: 24%
Magic:  19/19      EV: 11    Int:  8    God:    Uskayaw [**....]
Gold:   472        SH:  8    Dex: 11    Spells: 12/12 levels left

rFire   . . .        a - +0 war axe
rCold   . . .        S - +2 buckler
rNeg    . . .        B - +1 scale mail of Bedevilment {Str+4}
rPois   .            (helmet restricted)
rElec   .            s - +1 cloak
rCorr   .            (no gloves)
SInv    +            w - +0 pair of boots
Will    .....        (no amulet) Stlth
                     C - ring of see invisible
HPRegen 0.38/turn    J - +4 ring of slaying
MPRegen 0.16/turn

%: no passive effects
@: no status effects
A: horns 2, retaliatory headbutt
a: Renounce Religion, Stomp, Line Pass


You were on level 10 of the Dungeon.
You worshipped Uskayaw.
Uskayaw was aware of your devotion.
You visited 3 branches of the dungeon, and saw 14 of its levels.

You collected 760 gold pieces.
You spent 288 gold pieces at shops.

Inventory:

Hand Weapons
 a - a +0 war axe (weapon)
 b - a +3 battleaxe
 i - a +2 dagger of venom
 n - a +1 heavy trident
 q - a +0 whip of freezing
 v - a +0 scythe
 G - a +0 orcbow
 I - a +0 vampiric hand axe
 L - a +3 sling
 N - a +1 hammer of protection
 R - a +1 battleaxe of freezing
Missiles
 o - a throwing net
 z - 16 poisoned darts (quivered)
 D - 16 boomerangs
Armour
 k - a +0 kite shield
 s - a +1 cloak (worn)
 w - a +0 pair of boots (worn)
 A - a +1 robe of positive energy
 B - the +1 scale mail of Bedevilment (worn) {Str+4}
   (You bought it in a shop on level 7 of the Dungeon)

   Str+4:     It affects your strength (+4).
 K - the +3 hat of Pondering {ponderous, Will+ MP+10 Int+5}
   (You took it off Gastronok on level 2 of the Lair of Beasts)

   Int+5:     It affects your intelligence (+5).
   Will+:     It increases your willpower.
   MP+10:     It affects your magic capacity (+10).
 O - a +0 plate armour
 S - a +2 buckler (worn)
 U - a +1 scale mail of fire resistance
Magical Staves
 m - a staff of cold
Jewellery
 h - a ring of magical power
 j - an amulet of guardian spirit
 C - a ring of see invisible (left hand)
 J - a +4 ring of slaying (right hand)
 P - a ring of fire
 T - a ring of protection from fire
Talismans
 p - a beast talisman
Wands
 c - a wand of flame (29)
 d - a wand of charming (13)
 e - a wand of iceblast (10)
 y - a wand of mindburst (19)
Scrolls
 f - 2 scrolls of noise
 g - 2 scrolls of teleportation
 r - a scroll of immolation
 t - 2 scrolls of poison
 u - 3 scrolls of vulnerability
 E - 2 scrolls of enchant armour
 F - a scroll of fog
 H - a scroll of revelation
 Q - a scroll of amnesia
Potions
 x - 5 potions of ambrosia
 M - 2 potions of curing


   Skills:
 + Level 9.1 Fighting
 + Level 16.7(16.9) Axes
 - Level 3.2(11.4) Maces & Flails
 + Level 7.4 Armour
 - Level 4.0 Dodging
 - Level 0.7 Stealth
 + Level 10.2 Shields
 * Level 9.6 Invocations
 - Level 5.0 Evocations


You had 12 spell levels left.
You didn't know any spells.
Your spell library contained the following spells:

 Spells                   Type           Power      Damage    Failure   Level
 Kiss of Death            Conj/Necr      0%         2d5       71%         1
 Jinxbite                 Hex            0%         N/A       83%         2
 Confusing Touch          Hex            0%         N/A       97%         3
 Tukima's Dance           Hex            0%         N/A       97%         3
 Dispel Undead            Necr           0%         3d6       100%        4
 Passage of Golubria      Tloc           0%         N/A       100%        4
 Iskenderun's Battlesphe  Conj           0%         2d6       100%        5
 Yara's Violent Unravell  Hex/Alch       0%         3d3       100%        5
 Bombard                  Conj/Erth      0%         9d1       100%        6
 Enfeeble                 Hex            0%         N/A       100%        7
 Spellforged Servitor     Conj/Summ      0%         N/A       100%        7


Dungeon Overview and Level Annotations

Branches:
Dungeon (11/15)            Temple (1/1) D:7            Lair (2/5) D:9
  Swamp: Lair:2-3    Shoals: Lair:2-3     Snake: Lair:2-3    Spider: Lair:2-3
    Orc: D:9-12

Altars:
Ashenzari
Cheibriados
Dithmenos
Elyvilon
Fedhas
Gozag
Hepliaklqana
Kikubaaqudgha
Makhleb
Nemelex Xobeh
Okawaru
Qazlal
Ru
Sif Muna
Trog
Uskayaw
Vehumet
Wu Jian
Xom
Yredelemnul
Zin
The Shining One
Jiyva

Shops:
D:7 [   D:11 =

Annotations:
D:3 1 runed translucent door, arta456's ghost, weakling HuCj
D:4 3 runed translucent doors, poire's ghost, amateur DECj
D:8 3 runed translucent doors, TobyConnect's ghost, novice MiFi; lDtest's ghost, novice DjFE
D:9 3 runed translucent doors, heinrich's ghost, novice DsDe
D:10 Urug


Innate Abilities, Weirdness & Mutations

You have a pair of horns on your head.
You reflexively headbutt those who attack you in melee.


Message History

The orc wizard flickers and vanishes for a moment.
The orc warrior attacks as it pursues you!
The orc warrior barely misses you.
The orc warrior attacks as it pursues you!
The orc warrior hits you from afar with a +0 glaive!
The orc warrior attacks as it pursues you!
You block the orc warrior's attack.
The orc warrior attacks as it pursues you!
The orc warrior hits you but does no damage.
There is a stone staircase leading up here.
The orc warrior closely misses you.
You climb upwards.
Level annotation: Urug
There is a stone staircase leading down here.
Urug is nearby!
You hit Urug. You headbutt Urug.
Urug is lightly wounded.
Urug hits you but does no damage.
You are electrocuted!!
Okay, then.
Aiming: Mindburst
Press: ? - help, Shift-Dir - straight line, f - Urug
Aim: Urug, wielding a +1 scimitar of electrocution, wearing a +1 scale mail of fire resistance, quivering javelins and carrying a wand of iceblast (lightly wounded, chance to affect: 67%) Urug's mind is blasted!!
Urug hits you but does no damage.
You slash Urug! You headbutt Urug, but do no damage.
Urug is heavily wounded.
Urug hits you with a +1 scimitar of electrocution.
* * * LOW HITPOINT WARNING * * *
You are electrocuted!!
* * * LOW HITPOINT WARNING * * *
You can now pass through a line of other dancers.
As you read the scroll of summoning, it crumbles to dust.
Wisps of shadow whirl around you...
Urug hits you with a +1 scimitar of electrocution.
* * * LOW HITPOINT WARNING * * *
You swap places.
Urug throws a javelin.
The javelin pierces through your orc!!
Your orc dies!
Your orc's corpse dissolves into shadows!
The javelin pierces through you!
You die...
Urug says, "One more harpy dead."

.####.#.##..# #..# #.#
.#
#.#.....###..########.#
##
#.#..##...............#
#
#.[............###..###
###..##.######## #..#
#..##.# #..#
###..##.###### #..#
#.......ooo>o# #..#
#.##.##o####@# #..#
#.##.##.####Y# #..#
#.##...##..### #..#
#.######....######..# #
#.# ##.⌠._#.<.....# #
#.# #.....#.......# #
#.#####....########## #
#.....'...8#
#####.#####....##


You could see Urug (ally target), a friendly yak (summoned), a friendly orc
warrior (summoned) and 2 friendly orcs.

Vanquished Creatures
  Gastronok (Lair:2)
  2 hydras (Lair:2)
  A boulder beetle (D:8)
  Pikel (D:5)
  Joseph (D:10)
  2 unseen horrors (D:8)
  A cane toad (Lair:2)
  A gargoyle (D:10)
  2 kobold demonologists
  3 komodo dragons
  A queen bee (Lair:2)
  A polar bear (Lair:2)
  Prince Ribbit (D:7)
  3 blink frogs (Lair:1)
  A slime creature (D:8)
  Sigmund (D:2)
  30 yaks
  2 basilisks (D:9)
  2 wraiths (D:10)
  2 wyverns (D:9)
  A shadow (D:8)
  3 vampire mosquitoes
  2 steam dragons
  Menkaure (D:6)
  An acid dragon (D:10)
  11 water moccasins
  3 black bears
  Duvessa (D:7)
  4 ice beasts
  A sky beast (D:6)
  3 orc warriors
  2 ogres (D:6)
  3 wolves (Lair:2)
  4 centaurs
  4 bullfrogs
  5 scorpions
  3 gnoll sergeants
  16 wights
  Dowan (D:7)
  30 killer bees
  3 howler monkeys
  2 jellies
  A bombardier beetle (D:6)
  A centaur zombie (D:4)
  A gnoll bouda (D:9)
  Crazy Yiuf (D:6)
  An orc priest (D:7)
  5 hounds
  A sleepcap (D:6)
  Jessica (D:2)
  4 iguanas
  3 orc wizards
  A scorpion zombie (D:4)
  Natasha (D:2)
  7 hell rats
  9 gnolls
  9 adders
  A shadow imp (D:7)
  2 white imps
  6 ufetubi
  2 dart slugs (D:4)
  4 ribbon worms
  20 orcs
  8 endoplasms
  6 giant cockroaches
  5 goblins
  5 hobgoblins
  12 jackals
  6 kobolds
  4 quokkas
  5 ball pythons
  5 bats
  4 frilled lizards
  4 rats
308 creatures vanquished.

Vanquished Creatures (collateral kills)
  A komodo dragon (Lair:2)
  5 yaks (Lair:2)
  A water moccasin (Lair:2)
7 creatures vanquished.

Vanquished Creatures (others)
  A cane toad (Lair:1)
1 creature vanquished.

Grand Total: 316 creatures vanquished

Notes
Turn   | Place    | Note
-------+----------+-------------------------------------------
     0 | D:1      | jt the Minotaur Artificer began the quest for the Orb.
     0 | D:1      | Reached XP level 1. HP: 16/16 MP: 0/0
   343 | D:1      | Reached skill level 1 in Maces & Flails
   677 | D:1      | Reached XP level 2. HP: 24/24 MP: 1/1
  1191 | D:2      | Found a faded altar of an unknown god.
  1196 | D:2      | Noticed Jessica
  1206 | D:2      | Reached XP level 3. HP: 28/30 MP: 2/2
  1217 | D:2      | Killed Jessica
  1254 | D:2      | Reached XP level 4. HP: 38/38 MP: 3/3
  1353 | D:2      | Noticed Sigmund
  1703 | D:2      | Killed Sigmund
  1704 | D:2      | Reached XP level 5. HP: 44/50 MP: 4/4
  1922 | D:2      | Noticed Natasha
  1926 | D:2      | Killed Natasha
  1927 | D:2      | Reached XP level 6. HP: 50/58 MP: 5/5
  2854 | D:3      | Found a runed translucent door.
  2855 | D:3      | Noticed arta456's ghost (weakling HuCj)
  2898 | D:4      | Reached skill level 1 in Axes
  2946 | D:4      | Reached skill level 2 in Axes
  3087 | D:4      | Noticed an ice beast
  3194 | D:4      | Reached skill level 3 in Axes
  3194 | D:4      | Reached XP level 7. HP: 64/64 MP: 6/6
  3323 | D:4      | Noticed a steam dragon
  3332 | D:4      | Killed a steam dragon
  3333 | D:4      | Reached skill level 4 in Axes
  3658 | D:4      | Found a runed translucent gate.
  3658 | D:4      | Found a runed translucent gate.
  3658 | D:4      | Found a runed translucent gate.
  3658 | D:4      | Noticed poire's ghost (amateur DECj)
  3662 | D:4      | Found a basalt altar of Yredelemnul.
  3671 | D:4      | Reached skill level 5 in Axes
  3995 | D:4      | Found a shimmering blue altar of Sif Muna.
  4060 | D:5      | Entered Level 5 of the Dungeon
  4187 | D:5      | Reached skill level 6 in Axes
  4187 | D:5      | Reached XP level 8. HP: 71/71 MP: 7/7
  4196 | D:5      | Found an opulent altar of Gozag.
  4393 | D:5      | Found a shimmering altar of Xom.
  4395 | D:5      | Found a broken altar of Ashenzari.
  4395 | D:5      | Found an opulent altar of Gozag.
  4398 | D:5      | Found a hide-covered altar of Uskayaw.
  4398 | D:5      | Found a burning altar of Makhleb.
  4398 | D:5      | Found a sacrificial altar of Ru.
  4613 | D:5      | Noticed Pikel
  4631 | D:5      | Killed Pikel
  4632 | D:5      | Reached skill level 9 in Axes
  4958 | D:6      | Found a blossoming altar of Fedhas.
  4996 | D:6      | Found a bloodstained altar of Trog.
  5057 | D:6      | Found a hide-covered altar of Uskayaw.
  5069 | D:6      | Became a worshipper of Uskayaw the Reveller
  5103 | D:6      | Reached * piety under Uskayaw
  5105 | D:6      | Reached ** piety under Uskayaw
  5106 | D:6      | Reached skill level 10 in Axes
  5199 | D:5      | Reached XP level 9. HP: 77/77 MP: 8/8
  5233 | D:6      | Reached skill level 11 in Axes
  5241 | D:6      | Noticed Menkaure
  5246 | D:6      | Killed Menkaure
  5246 | D:6      | Reached *** piety under Uskayaw
  5450 | D:6      | Reached skill level 12 in Axes
  5513 | D:6      | Found a runed translucent door.
  5514 | D:6      | Noticed Crazy Yiuf
  5522 | D:6      | Killed Crazy Yiuf
  6080 | D:7      | Noticed Duvessa
  6080 | D:7      | Noticed Dowan
  6086 | D:7      | Killed Duvessa
  6091 | D:7      | Killed Dowan
  6143 | D:7      | Found Hang's Antique Armour Boutique.
  6153 | D:7      | Reached skill level 13 in Axes
  6157 | D:7      | Reached **** piety under Uskayaw
  6339 | D:7      | Bought a pitted scale mail for 288 gold pieces
  6339 | D:7      | Identified the +1 scale mail of Bedevilment {Str+4} (You
                  | bought it in a shop on level 7 of the Dungeon)
  6437 | D:7      | Noticed Prince Ribbit
  6449 | D:7      | Killed Prince Ribbit
  6486 | D:7      | Reached skill level 14 in Axes
  6652 | D:7      | Found a staircase to the Ecumenical Temple.
  6666 | Temple   | Entered the Ecumenical Temple
  6911 | D:8      | Reached XP level 10. HP: 61/84 MP: 9/9
  7054 | D:8      | Reached skill level 1 in Invocations
  7441 | D:8      | Reached skill level 15 in Axes
  7596 | D:8      | Noticed a boulder beetle
  7606 | D:8      | Killed a boulder beetle
  7946 | D:8      | Found a runed translucent gate.
  7947 | D:8      | Found a runed translucent gate.
  7948 | D:8      | Found a runed translucent gate.
  7949 | D:8      | Noticed lDtest's ghost (novice DjFE)
  7950 | D:8      | Noticed TobyConnect's ghost (novice MiFi)
  8168 | D:9      | Reached skill level 5 in Invocations
  8171 | D:9      | Reached ***** piety under Uskayaw
  8504 | D:9      | Found a runed translucent gate.
  8505 | D:9      | Found a runed translucent gate.
  8505 | D:9      | Found a runed translucent gate.
  8508 | D:9      | Noticed heinrich's ghost (novice DsDe)
  8510 | D:9      | Found a viscous altar of Jiyva.
  8779 | D:9      | Reached XP level 11. HP: 71/91 MP: 14/14
  9140 | D:9      | Found a staircase to the Lair.
  9492 | D:10     | Entered Level 10 of the Dungeon
  9784 | D:10     | Reached skill level 5 in Armour
  9854 | D:10     | Noticed Urug
  9910 | Lair:1   | Entered Level 1 of the Lair of Beasts
 10173 | D:9      | Reached skill level 10 in Shields
 10173 | D:9      | Reached XP level 12. HP: 93/93 MP: 16/16
 10191 | Lair:1   | Reached skill level 16 in Axes
 11184 | Lair:2   | Noticed a six-headed hydra
 11244 | Lair:2   | Reached skill level 5 in Evocations
 11251 | Lair:2   | Reached ****** piety under Uskayaw
 11260 | Lair:2   | Killed a six-headed hydra
 11660 | Lair:2   | Noticed Gastronok
 11673 | Lair:2   | Killed Gastronok
 11674 | Lair:2   | Reached XP level 13. HP: 79/108 MP: 18/18
 12645 | D:10     | Found a broken altar of Ashenzari.
 12645 | D:10     | Found a white marble altar of Elyvilon.
 12711 | D:10     | Noticed Joseph
 12720 | D:10     | Killed Joseph
 13107 | D:11     | Found Puisavim's Jewellery Boutique.
 13275 | D:10     | Hit by a javelin thrown by Urug

Illustrated notes

Levels and vault maps discovered:
D:1:      lightli_arrival_quake, layout_loops_corners, serial_forest,
          infiniplex_forest_straight_5, infiniplex_forest_clump_curved,
          infiniplex_forest_lined_2, infiniplex_forest_clump_cross,
          infiniplex_forest_zigzag_1, infiniplex_forest_fountain,
          infiniplex_forest_straight_4, infiniplex_forest_zigzag_1,
          chequers_serial_rivers_micro_c, minmay_unequal
D:2:      layout_basic, basic_ecumenical_altar, minmay_misc_feat_alley,
          grunt_ministairs_9, hangedman_glass_teeth, uniq_jessica, uniq_sigmund,
          uniq_natasha
D:3:      layout_loops_corners, gammafunk_ghost_grave
D:4:      layout_basic, nicolae_yredelemnul_ghost_church, lemuel_blue_sif_altar
D:5:      layout_loops_ring, doesnt_xom_only_xom, mainiacjoe_overflow_chevrons,
          uniq_pikel
D:6:      layout_loops_ring, fedhas_altar_1, trog_ov_bears_minmay,
          mainiacjoe_overflow_tiny_flanked, uniq_crazy_yiuf_cottage,
          uniq_menkaure
D:7:      layout_loops_ring, minmay_temple_entry_arrows, serial_shops,
          nicolae_shop_crystal, uniq_prince_ribbit1, uniq_duvessa
D:8:      layout_basic, gammafunk_ghost_cemetery, wad_mini_maze
D:9:      layout_rooms, minmay_lair_entry_grove, gammafunk_ghost_ooze,
          minmay_increasing_density
D:10:     layout_loops_ring, gammafunk_temple_overflow_pools, uniq_joseph,
          uniq_urug
D:11:     layout_roguey, david_orc_3, serial_shops, nicolae_shop_behind_doors
Temple:   compressed_dpeg_triangle_lava_temple
Lair:1:   layout_misc_corridors, lemuel_fruit_tree
Lair:2:   layout_roguey [special_room_bee], grunt_megastairs_1, uniq_gastronok

Skill      XL: |  1  2  3  4  5  6  7  8  9 10 11 12 13 |
---------------+----------------------------------------+-----
Maces & Flails | 1 2 3 |  3.2
Fighting       | 2 3 6 7 8 9 |  9.1
Axes           | 3 6 10 14 15 16 | 16.7
Armour         | 3 4 5 7 |  7.4
Dodging        | 2 4 |  4.0
Invocations    | 5 7 9 |  9.6
Evocations     | 3 4 5 |  5.0
Shields        | 10 | 10.2
Stealth        | |  0.7

Action                     |  1- 3 |  4- 6 |  7- 9 | 10-12 | 13-15 || total
---------------------------+-------+-------+-------+-------+-------++-------
  Melee: Club              |    11 |       |       |       |       ||    11
         Dagger            |    42 |    61 |       |       |       ||   103
         Headbutt          |     5 |    17 |    29 |    52 |    28 ||   131
         War axe           |       |    38 |    98 |       |   127 ||   263
         Punch             |       |     3 |     2 |       |       ||     5
         Flail             |       |     1 |       |       |       ||     1
         Battleaxe         |       |       |    73 |   225 |     4 ||   302
         Mace              |       |       |       |       |     7 ||     7
  Throw: Dart              |     4 |       |    30 |     9 |    12 ||    55
         Boomerang         |       |       |     1 |     2 |     3 ||     6
 Invoke: Grand Finale      |       |       |       |     1 |     1 ||     2
         Line Pass         |       |       |       |       |     1 ||     1
Ability: Begin Untransform |       |     1 |       |       |       ||     1
  Evoke: Wand              |     2 |     1 |     4 |    10 |     2 ||    19
    Use: Potion            |     1 |       |     5 |     9 |     1 ||    16
         Scroll            |       |     2 |     5 |     8 |     1 ||    16
   Stab: Sleeping          |     2 |     1 |       |       |       ||     3
         Paralysed         |       |       |     3 |    21 |     7 ||    31
         Confused          |       |       |       |       |     1 ||     1
 Armour: Leather armour    |    23 |    36 |       |       |       ||    59
         Ring mail         |       |    12 |    69 |       |       ||    81
         Scale mail        |       |       |    60 |   218 |    88 ||   366
         Skin              |       |       |       |       |    17 ||    17
  Dodge: Dodged            |    27 |    57 |   104 |   104 |    48 ||   340
  Block: Kite shield       |       |       |       |       |    73 ||    73
         Buckler           |       |       |       |       |    20 ||    20
   Form: Beast             |     2 |       |       |       |       ||     2
